Map: Galactic Process LE

Players

Locnar

  • Race: Terran Terran
  • League: Gold
  • Spawn Location: 7:00

Fropez - Winner!

  • Race: Protoss Protoss
  • League: Gold
  • Spawn Location: 1:00

VOD

Have the link to the VOD?

Description

Time

  • Played on: Sept. 23, 2016, 10:48 a.m.
  • Length: 18:41
Show
View Real Time Build Order
Export as new Build Order

Locnar Terran 

Build Orders:  

Get SALT Encoding   

  12  0:02  SCV  
  13  0:14  SCV  
  14  0:23  Supply Depot  
  14  0:26  SCV  
  15  0:48  Barracks  
  15  0:50  SCV  
  16  0:57  Refinery  
  16  1:02  SCV  
  16  1:04  Refinery  
  17  1:14  SCV  
  18  1:20  Supply Depot  
  18  1:26  SCV  
  19  1:38  SCV  
  20  1:41  Marine  
  21  1:47  Bunker  
  21  1:53  Orbital Command  
  21  1:59  Marine  
  21  2:25  Marine  
  22  2:42  Engineering Bay  
  22  2:43  Marine  
  23  2:49  Factory  
  23  3:01  Marine  
  24  3:19  Marine  
  25  3:37  Marine  
  25  3:38  Factory Tech Lab  
  25  4:09  Missile Turret  
  23  4:30  Factory Tech Lab  
  23  4:37  Command Center  
  23  4:44  SCV  
  24  4:50  Supply Depot  
  24  4:56  Starport, SCV  
  25  5:00  Siege Tank  
  27  5:18  SCV  
  27  5:21  Liberator  
  23  5:32  Siege Tank  
  28  5:58  Missile Turret  
  28  6:03  Planetary Fortress  
  28  6:09  Refinery  
  28  6:34  Siege Tank  
  31  7:10  Supply Depot  
  31  7:53  Siege Tank  
  31  7:54  Missile Turret  
  31  7:55  Missile Turret  
  28  8:20  Refinery  
  28  8:23  Supply Depot  
  27  8:45  SCV  
  27  8:47  Factory Tech Lab, Supply Depot  
  28  9:09  Supply Depot  
  22  9:20  Siege Tank  
  24  9:32  SCV, Supply Depot  
  25  9:44  SCV  
  29  9:52  Siege Tank  
  29  9:56  SCV  
  28  10:09  SCV, Liberator  
  23  10:21  SCV  
  21  10:33  SCV  
  22  10:45  SCV  
  23  10:57  SCV  
  24  11:09  SCV  
  25  11:21  SCV  
  18  11:47  SCV  
  18  11:54  Command Center  
  18  11:59  SCV  
  14  12:11  SCV  
  12  12:23  SCV  
  9  12:54  SCV  
  9  12:56  Starport Tech Lab  
  10  13:06  SCV  
  9  13:22  Engineering Bay  
  8  13:28  SCV  
  9  13:52  Planetary Fortress  
  9  14:05  Missile Turret  
  9  14:27  SCV  
  9  14:31  SCV  
  11  14:34  Starport Tech Lab  
  11  14:39  SCV  
  11  14:41  Refinery  
  12  14:52  SCV  
  13  15:05  Missile Turret  
  13  15:14  SCV  
  13  15:23  SCV  
  14  16:02  Refinery  
  14  16:04  SCV  
  12  16:16  SCV  
  12  16:17  Cloaking Field  
  13  16:28  SCV  
  13  16:29  Supply Depot  
  14  16:40  SCV  
  15  16:52  SCV  
  16  16:59  Barracks  
  16  17:04  SCV  
  17  17:14  Banshee  
  20  17:16  SCV  
  21  17:28  SCV  
Show
View Real Time Build Order
Export as new Build Order

Fropez Protoss - Winner!

Build Orders:  

Get SALT Encoding   

  12  0:00  Probe (Chrono Boost)  
  13  0:14  Pylon  
  13  0:17  Probe (Chrono Boost)  
  15  0:28  Probe (Chrono Boost)  
  15  0:34  Gateway  
  15  0:39  Probe (Chrono Boost)  
  16  0:45  Assimilator  
  16  0:49  Probe (Chrono Boost)  
  17  1:00  Probe (Chrono Boost)  
  18  1:08  Pylon  
  18  1:10  Probe (Chrono Boost)  
  19  1:21  Probe (Chrono Boost)  
  20  1:41  Zealot (Chrono Boost)  
  20  1:43  Probe  
  20  1:44  Gateway  
  23  1:47  Cybernetics Core  
  23  1:52  Forge  
  23  1:55  Probe  
  24  2:05  Pylon  
  24  2:08  Probe  
  25  2:12  Assimilator  
  25  2:17  Cybernetics Core  
  24  2:30  Photon Cannon  
  24  2:34  Pylon  
  24  2:37  Protoss Ground Weapons Level 1 (Chrono Boost)  
  24  2:53  Warp Gate (Chrono Boost)  
  24  2:57  Stalker  
  24  2:58  Stalker  
  28  3:01  Mothership Core (Chrono Boost)  
  30  3:10  Pylon  
  30  3:16  Pylon  
  31  3:20  Probe (Chrono Boost)  
  31  3:54  Pylon  
  31  3:56  Pylon  
  31  3:58  Stalker  
  31  4:06  Pylon  
  31  4:12  Probe  
  34  4:24  Probe  
  35  4:36  Probe  
  34  4:46  Twilight Council  
  34  4:48  Pylon  
  34  4:53  Probe  
  34  4:55  Adept x2  
  39  5:05  Probe  
  40  5:16  Gateway  
  40  5:18  Gateway  
  40  5:39  Blink (Chrono Boost)  
  40  5:45  Stalker x2  
  44  5:51  Probe  
  45  6:03  Probe  
  46  6:15  Probe, Gateway  
  46  6:17  Gateway  
  47  6:20  Gateway  
  45  6:33  Adept x4  
  51  7:05  Adept x2  
  53  7:17  Probe  
  54  7:24  Pylon  
  54  7:26  Pylon  
  54  7:29  Probe  
  53  7:34  Pylon  
  51  7:38  Pylon  
  50  7:45  Probe  
  50  7:46  Stalker x3  
  50  7:47  Stalker x2  
  55  7:57  Probe  
  54  8:09  Mothership Core (Chrono Boost)  
  40  8:51  Adept x3  
  40  8:52  Adept x4  
  38  8:57  Pylon  
  38  9:00  Stalker x3  
  38  9:01  Stalker  
  42  9:22  Probe (Chrono Boost)  
  43  9:32  Probe (Chrono Boost)  
  44  9:43  Probe (Chrono Boost)  
  45  9:50  Stalker  
  45  9:51  Stalker x3  
  53  9:53  Probe (Chrono Boost)  
  48  10:39  Nexus  
  48  10:46  Probe (Chrono Boost)  
  50  10:57  Probe (Chrono Boost)  
  50  11:44  Probe (Chrono Boost)  
  50  11:51  Stalker  
  50  11:52  Stalker x2  
  47  12:15  Probe (Chrono Boost)  
  47  12:16  Probe (Chrono Boost)  
  47  12:22  Assimilator  
  46  12:24  Assimilator  
  46  12:32  Adept x2  
  46  12:33  Adept  
  52  12:47  Adept  
  54  12:53  Probe x2 (Chrono Boost)  
  56  13:12  Probe x2 (Chrono Boost)  
  58  13:23  Adept x6  
  58  13:24  Adept  
  72  14:13  Pylon  
  72  14:16  Pylon  
  72  14:18  Probe x2 (Chrono Boost)  
  74  14:27  Nexus  
  74  14:28  Probe (Chrono Boost)  
  74  14:29  Pylon  
  74  14:30  Pylon  
  75  14:34  Assimilator  
  75  14:39  Assimilator  
  71  15:00  Stalker x4  
  77  15:13  Stalker  
  69  15:29  Stalker x3  
  57  16:05  Probe x2 (Chrono Boost)  
  57  16:07  Stalker x3  
  57  16:08  Stalker x2  
  69  16:20  Stalker x2  
  69  16:23  Pylon  
  73  16:28  Pylon  
  73  16:38  Gateway  
  73  16:45  Stargate  
  71  16:53  Adept x2  
  71  16:54  Adept  
  77  17:05  Stalker x2  
  81  17:13  Probe  
  81  17:14  Probe  
  83  17:17  Probe  
  70  18:14  Nexus, Gateway  
  70  18:17  Gateway  
  70  18:18  Assimilator  
  70  18:20  Gateway  
  70  18:21  Assimilator  
  70  18:24  Pylon x2, Probe  
  70  18:25  Pylon, Probe  
  72  18:28  Pylon  
  72  18:31  Pylon, Zealot  
Tags
 
League
GoldGold
Matchup
PvT
Replay Pack
All Mines
Spawn Locations
Cross Positions
Add a new tag
Caveats
  • Supply blocks, unpowered buildings, or Contaminate may cause inaccurate times.
  • Supply counts are checked every 10 seconds.